 Dungeon Crawl Stone Soup version 0.29.1-13-g9f3cf754e1 (webtiles) character file.

Game seed: 15936126182511517843

1846 Atlar the Disciple of Destruction (level 9, -1/71 HPs)
             Began as a Hill Orc Artificer on Jan 22, 2023.
             Was a Follower of Makhleb.
             Slain by a wyvern zombie (2 damage)
             ... on level 7 of the Dungeon.
             The game lasted 01:18:28 (8316 turns).

Atlar the Disciple of Destruction (HOAr)            Turns: 8316, Time: 01:18:28

Health: -1/71      AC:  9    Str: 17    XL:     9   Next: 12%
Magic:  0/14       EV: 11    Int: 11    God:    Makhleb [*.....]
Gold:   386        SH:  4    Dex: 17    Spells: 8/8 levels left

rFire   . . .      SeeInvis .   K - +6 trident of Jasinap {venom, *Noise rPois rC+++ Dex+4}
rCold   + + +      Faith    .   L - +0 buckler
rNeg    . . .      Spirit   +   i - +0 ring mail
rPois   +          Reflect  .   (no helmet)
rElec   .          Harm     .   F - +0 cloak
rCorr   .          Rampage  .   (no gloves)
Will    .....                   g - +1 pair of boots
Stlth   +.........              t - amulet of guardian spirit
HPRegen 0.21/turn               (no ring)
MPRegen 0.14/turn               (no ring)

@: attractive, flying
A: no striking features
a: Renounce Religion


You were on level 7 of the Dungeon.
You worshipped Makhleb.
Makhleb was aware of your devotion.
You visited 1 branch of the dungeon, and saw 7 of its levels.

You collected 386 gold pieces.

Inventory:

Hand Weapons
 a - a +0 club
 f - a +0 hand axe of protection
 k - a +2 dagger of holy wrath
 q - a +0 vampiric whip
 y - a +0 mace of holy wrath
 I - a +0 shortbow
 K - the +6 trident of Jasinap (weapon) {venom, *Noise rPois rC+++ Dex+4}
   (You found it on level 6 of the Dungeon)

   It poisons the flesh of those it strikes.
   Dex:       It affects your dexterity (+4).
   rC:        It renders you almost immune to cold.
   rPois:     It protects you from poison.
   *Noise:    It may make noises in combat.
Missiles
 h - 67 stones
 m - 3 poisoned darts
 B - 7 javelins (quivered)
Armour
 b - a +0 leather armour
 g - a +1 pair of boots (worn)
 i - a +0 ring mail (worn)
 z - a +0 chain mail
 A - a +0 scale mail
 F - a +0 cloak (worn)
 L - a +0 buckler (worn)
Jewellery
 t - an amulet of guardian spirit (around neck)
 w - a +6 ring of intelligence
Wands
 c - a wand of flame (1)
 J - a wand of polymorph (6)
Scrolls
 j - a scroll of poison
 n - 4 scrolls of enchant weapon
 p - a scroll of silence
 G - 2 scrolls of amnesia
Potions
 o - 3 potions of resistance
 r - 2 potions of curing
 x - 2 potions of brilliance


   Skills:
 - Level 4.0 Fighting
 - Level 7.3(7.9) Axes
 + Level 3.8(5.5) Polearms
 + Level 2.9 Throwing
 - Level 4.0 Armour
 - Level 2.4 Dodging
 - Level 2.0 Stealth
 + Level 7.9 Invocations
 - Level 3.1 Evocations


You had 8 spell levels left.
You didn't know any spells.
Your spell library contained the following spells:

 Spells                   Type           Power      Damage    Failure   Level
 Freeze                   Ice            0%         1d3       65%         1
 Frozen Ramparts          Ice            0%         1d1       95%         3
 Hailstorm                Conj/Ice       0%         3d3       100%        4
 Ice Form                 Ice/Tmut       0%         N/A       100%        4
 Simulacrum               Ice/Necr       0%         N/A       100%        6
 Chain Lightning          Conj/Air       0%         N/A       100%        9
 Fire Storm               Conj/Fire      0%         5d1       100%        9
 Shatter                  Erth           0%         3d5*      100%        9


Dungeon Overview and Level Annotations

Branches:
Dungeon (7/15)             Temple (0/1) D:7

Altars:
Ashenzari
Cheibriados
Dithmenos
Elyvilon
Fedhas
Gozag
Kikubaaqudgha
Makhleb
Nemelex Xobeh
Okawaru
Ru
Sif Muna
Trog
Uskayaw
Wu Jian
Xom
Yredelemnul
Zin

Annotations:
D:3 Natasha


Message History

The centaur zombie hits you but does no damage.
The centaur zombie kicks you but does no damage.
The wyvern zombie bites you.
* * * LOW HITPOINT WARNING * * *
The killer bee zombie closely misses you.
The centaur zombie misses you. You block the centaur zombie's attack.
The wyvern zombie misses you.
You hit the killer bee zombie.
You destroy the killer bee zombie!
Makhleb accepts your kill.
The centaur zombie hits you but does no damage.
The centaur zombie kicks you but does no damage.
The wyvern zombie bites you!
* * * LOW HITPOINT WARNING * * *
You puncture the centaur zombie!
Your trident of Jasinap speaks gibberish.
The centaur zombie is moderately damaged.
You hear a shout! x2; You hear a loud, deep croak!
You hear a shout! x2
The centaur zombie hits you but does no damage.
The centaur zombie kicks you but does no damage.
The wyvern zombie bites you.
* * * LOW HITPOINT WARNING * * *
The centaur zombie barely misses you.
The centaur zombie kicks you but does no damage.
The centaur zombie barely misses you.
The centaur zombie kicks you but does no damage.
The wyvern zombie bites you but does no damage.
You puncture the centaur zombie!
The centaur zombie is heavily damaged.
The centaur zombie barely misses you. The centaur zombie closely misses you.
The centaur zombie barely misses you. You block the centaur zombie's attack.
The wyvern zombie completely misses you.
The centaur zombie hits you.
* * * LOW HITPOINT WARNING * * *
The centaur zombie kicks you but does no damage.
You puncture the centaur zombie!
The centaur zombie is severely damaged.
You block the centaur zombie's attack. The centaur zombie barely misses you.
The wyvern zombie bites you.
You die...

**####** *,Z...P**
*,~~z~P,*
*~~~~~..*###########*******
*,.~~~..##@Z.......#,,,,,,,
*,~~~~...#ZZ.......~,,,,,,,
*,..Z....ZZ.....(≈~~~,,,^,,
**#...............~~~,*****
#.......##$###.≈~~~,*****
#.P≈P..###.#,,..≈~~,,,,,,
#P~~~≈.,*#.#,*,P.~,,****,
#P~~~≈P,,...,,,,..,******
#.~~~~.,*,,#,,,,,,,,,,,,,


You could see a wyvern zombie, 3 centaur zombies and a howler monkey zombie.

Vanquished Creatures
  An ice beast (D:6)
  2 sky beasts (D:6)
  A centaur (D:5)
  2 phantoms
  A bullfrog (D:6)
  2 necrophages
  A scorpion (D:6)
  4 wights
  A howler monkey (D:6)
  8 hounds
  2 jellies
  3 orc priests
  An iguana (D:4)
  A gnoll bouda (D:5)
  2 orc wizards (D:6)
  A killer bee zombie (D:7)
  9 gnolls
  8 adders
  2 shadow imps
  An ufetubus (D:2)
  2 worms
  21 orcs
  9 ball pythons
  6 bats
  5 endoplasms
  6 giant cockroaches
  8 goblins
  13 hobgoblins
  8 jackals
  5 quokkas
  6 frilled lizards
  10 kobolds
  5 rats
157 creatures vanquished.

Vanquished Creatures (collateral kills)
  A gnoll (D:3)
  A hobgoblin (D:3)
  2 kobolds (D:3)
4 creatures vanquished.

Vanquished Creatures (others)
  A hound (D:4)
  4 gnolls
  An adder (D:4)
  An orc (D:3)
  3 fungi (D:1)
  A plant (D:1)
  3 withered plants (D:7)
14 creatures vanquished.

Grand Total: 175 creatures vanquished

Notes
Turn   | Place    | Note
-------+----------+-------------------------------------------
     0 | D:1      | Atlar the Hill Orc Artificer began the quest for the Orb.
     0 | D:1      | Reached XP level 1. HP: 16/16 MP: 1/1
   192 | D:1      | Found a faded altar of an unknown god.
   233 | D:1      | Reached skill level 1 in Stealth
   259 | D:1      | Reached skill level 1 in Dodging
   259 | D:1      | Reached XP level 2. HP: 23/23 MP: 2/2
   293 | D:1      | Reached skill level 1 in Axes
   973 | D:1      | Reached XP level 3. HP: 29/29 MP: 3/3
  1927 | D:2      | Reached XP level 4. HP: 36/36 MP: 4/4
  2801 | D:3      | Noticed Natasha
  3333 | D:3      | Found a shimmering altar of Xom.
  3366 | D:3      | Reached XP level 5. HP: 31/42 MP: 5/5
  3732 | D:3      | Found a shimmering blue altar of Sif Muna.
  3848 | D:3      | Found an iron altar of Okawaru.
  4200 | D:4      | Found a broken altar of Ashenzari.
  4202 | D:4      | Found an ornate altar of the Wu Jian Council.
  4203 | D:4      | Found a bloodstained altar of Trog.
  4203 | D:4      | Found a snail-covered altar of Cheibriados.
  4203 | D:4      | Found a sparkling altar of Nemelex Xobeh.
  4203 | D:4      | Found a burning altar of Makhleb.
  4205 | D:4      | Found a white marble altar of Elyvilon.
  4205 | D:4      | Found a hide-covered altar of Uskayaw.
  4205 | D:4      | Found an opulent altar of Gozag.
  4208 | D:4      | Found a basalt altar of Yredelemnul.
  4208 | D:4      | Found a blossoming altar of Fedhas.
  4208 | D:4      | Found a glowing silver altar of Zin.
  4216 | D:4      | Became a worshipper of Makhleb the Destroyer
  4238 | D:4      | Reached XP level 6. HP: 51/51 MP: 6/6
  4385 | D:4      | Found an ancient bone altar of Kikubaaqudgha.
  4615 | D:4      | Reached skill level 1 in Invocations
  5354 | D:5      | Entered Level 5 of the Dungeon
  5542 | D:5      | Reached XP level 7. HP: 53/59 MP: 5/8
  5804 | D:5      | Reached skill level 5 in Axes
  5902 | D:5      | Reached * piety under Makhleb
  6351 | D:5      | Found a sacrificial altar of Ru.
  6660 | D:6      | Reached skill level 5 in Invocations
  6660 | D:6      | Reached XP level 8. HP: 64/66 MP: 8/11
  7313 | D:7      | Found a staircase to the Ecumenical Temple.
  7403 | D:6      | Identified the +6 trident of Jasinap {venom, *Noise rPois
                  | rC+++ Dex+4}
  7442 | D:6      | Found a shadowy altar of Dithmenos.
  7537 | D:6      | Reached skill level 1 in Polearms
  7652 | D:6      | Reached skill level 1 in Throwing
  7920 | D:6      | Reached XP level 9. HP: 56/71 MP: 10/14
  8314 | D:7      | HP: 3/71 [wyvern zombie (2)]
  8315 | D:7      | HP: 1/71 [centaur zombie (2)]
  8316 | D:7      | Slain by a wyvern zombie

Illustrated notes

Levels and vault maps discovered:
D:1:      wheals_arrival_shading, layout_rooms, dreamdust_ecumenical_altar_grove
D:2:      layout_basic
D:3:      layout_basic, xom_confusion_cloud, okawaru_altar_gauntlet_db,
          lemuel_blue_sif_altar, uniq_natasha
D:4:      layout_cave_pools, nicolae_overflows_in_rows,
          nicolae_kikubaaqudgha_miasma_corner
D:5:      layout_basic, mainiacjoe_overflow_alcove_4
D:6:      layout_basic, grunt_dithmenos_smoke, minmay_misc_feat_more_columns
D:7:      layout_rooms, minmay_temple_entry_junction_2, serial_undead,
          serial_undead_c, serial_undead_a, serial_undead_f, serial_undead_a,
          serial_undead_f, serial_undead_f, serial_undead_b

Skill      XL: |  1  2  3  4  5  6  7  8 |
---------------+-------------------------+-----
Stealth        | 1 2 |  2.0
Dodging        | 1 2 |  2.4
Axes           | 1 2 3 4 6 7 |  7.3
Fighting       | 2 3 4 |  4.0
Armour         | 3 4 |  4.0
Invocations    | 2 5 7 |  7.9
Polearms       | 3 |  3.8
Throwing       | 2 |  2.9
Evocations     | |  3.1

Action                   |  1- 3 |  4- 6 |  7- 9 || total
-------------------------+-------+-------+-------++-------
Melee: Hand axe          |    88 |   223 |   184 ||   495
       Whip              |    28 |     8 |       ||    36
       Punch             |       |     2 |       ||     2
       Trident           |       |       |    89 ||    89
Throw: Stone             |     8 |     1 |     4 ||    13
       Javelin           |     8 |     3 |     4 ||    15
       Boomerang         |       |    20 |       ||    20
Evoke: Wand              |     7 |    25 |    16 ||    48
  Use: Scroll            |     4 |     4 |     7 ||    15
       Potion            |       |       |     6 ||     6
 Stab: Sleeping          |     1 |     1 |       ||     2
Armor: Leather armour    |     6 |       |       ||     6
       Ring mail         |    47 |    94 |   141 ||   282
Dodge: Dodged            |    70 |   150 |   196 ||   416
Block: Buckler           |       |       |    22 ||    22
